 Dungeon Crawl Stone Soup version 0.30.1-1-g62c8e00024 (webtiles) character file.

Game seed: 17968328618857551977

102 coffeetime the Trooper (level 4, 0/44 HPs)
             Began as a Ghoul Monk on July 16, 2023.
             Slain by an orc wizard
             ... wielding a +0 dagger
              (2 damage)
             ... on level 3 of the Dungeon.
             The game lasted 00:04:47 (2035 turns).

coffeetime the Trooper (Ghoul Monk)                 Turns: 2035, Time: 00:04:48

Health: 0/44       AC: 11    Str: 16    XL:     4   Next: 77%
Magic:  3/3        EV: 11    Int:  5    God:
Gold:   112        SH:  0    Dex: 11    Spells: 3/3 levels left

rFire   . . .        a - +0 mace
rCold   + . .        (no shield)
rNeg    + + +        f - +0 ring mail
rPois   ∞            q - +0 helmet
rElec   .            (no cloak)
rCorr   .            x - +0 pair of gloves
SInv    .            (no boots)
Will    .....        (no amulet)
Stlth   +            g - +4 ring of protection
HPRegen 0.00/turn    (no ring)
MPRegen 0.08/turn

%: no passive effects
@: inhibited regen
A: claws 1, cold resistance 1, negative energy resistance 3, inhibited
regeneration, torment resistance 2, devour on kill
a: no special abilities


You were on level 3 of the Dungeon.
You visited 1 branch of the dungeon, and saw 3 of its levels.

You collected 112 gold pieces.

Inventory:

Hand Weapons
 a - a +0 mace (weapon)
 z - a +0 sling
Missiles
 k - 4 poisoned darts (quivered)
 r - 8 stones
Armour
 b - a +0 robe
 d - an orb of light
 f - a +0 ring mail (worn)
 q - a +0 helmet (worn)
 x - a +0 pair of gloves (worn)
Jewellery
 g - a +4 ring of protection (left hand)
 o - a ring of resist corrosion
 v - a ring of magical power
Scrolls
 h - a scroll of teleportation {unknown}
 i - 3 scrolls of enchant weapon {unknown}
 l - a scroll of poison {unknown}
 m - 2 scrolls of identify {unknown}
 n - a scroll of silence {unknown}
 s - a scroll of vulnerability {unknown}
 t - a scroll of immolation {unknown}
 w - a scroll of butterflies {unknown}
 y - a scroll of magic mapping {unknown}
Potions
 c - a potion of ambrosia
 e - 3 potions of curing {unknown}
 j - a potion of haste {unknown}
 p - a potion of mutation {unknown}
 u - 2 potions of brilliance {unknown}


   Skills:
 + Level 5.8 Fighting
 - Level 2.6 Maces & Flails
 - Level 2.6 Dodging
 - Level 0.1 Stealth


You had 3 spell levels left.
You didn't know any spells.
Your spell library contained the following spells:

 Spells                   Type           Power      Damage    Failure   Level
 Stone Arrow              Conj/Erth      0%         3d7       97%         3
 Vhi's Electric Charge    Tloc/Air       0%         N/A       97%         3
 Animate Armour           Summ/Erth      0%         N/A       100%        4
 Arcjolt                  Conj/Air       0%         1d10      100%        5
 Lehudib's Crystal Spear  Conj/Erth      0%         10d2      100%        8
 Maxwell's Capacitive Co  Air            0%         ∞         100%        8


Dungeon Overview and Level Annotations

Branches:
Dungeon (3/15)

Altars:
Nemelex Xobeh


Innate Abilities, Weirdness & Mutations

You are immune to poison.
You have sharp fingernails.
Your flesh is cold resistant. (rC+)
You are immune to negative energy. (rN+++)
You do not regenerate when monsters are visible.
You are immune to unholy pain and torment.
You thrive by killing the living.


Message History

The magic dart hits you but does no damage.
Something hits you but does no damage. The orc hits you but does no damage.
Things that are here:
a +2 hand axe of flaming; 18 gold pieces You barely miss something.
Your punch misses something.
You hear some strange, mumbled words.
A puff of flame appears from out of thin air!
The puff of flame hits you! The orc barely misses you.
You hit something. Something hits you.
The orc throws a boomerang.
The boomerang hits you but does no damage.
The orc barely misses you. Something hits you but does no damage.
You closely miss something. Something hits you.
The orc throws a boomerang.
The boomerang misses you.
You hit something. Something hits you but does no damage.
The orc closely misses you.
You miss something. Something hits you but does no damage.
The orc closely misses you.
You closely miss something. Something hits you. The orc closely misses you.
The orc misses you.
You hear some strange, mumbled words.
A puff of flame appears from out of thin air!
The puff of flame hits you!
You hit something. Something hits you but does no damage.
The orc throws a boomerang.
The boomerang hits you.
* * * LOW HITPOINT WARNING * * *
You hit something. Something hits you but does no damage.
The orc throws a boomerang.
You barely miss something. Something hits you but does no damage.
The orc hits you but does no damage.
The orc hits you from afar with a +0 trident.
* * * LOW HITPOINT WARNING * * *
You hear some strange, mumbled words.
A magic dart appears from out of thin air!
The magic dart hits you.
* * * LOW HITPOINT WARNING * * *
You barely miss something. Something hits you but does no damage.
The orc hits you from afar with a +0 trident.
* * * LOW HITPOINT WARNING * * *
You hit something. Something hits you.
You die...

## .# .# .#
################## .#
#................. .# #
#.###############. .# #.
#@#.#############. .#
##.######{#...............
.#
........#o#.##############
.#
#######...#...............
.#
#....o#.#.################
.# #.....#.#.# .#
#.._..#.#.# .# #.....#.#.#
.# #.....#...#


You could see an orc.

Vanquished Creatures
  Robin (D:3)
  4 adders
  A worm (D:3)
  A dart slug (D:1)
  2 orcs (D:3)
  4 endoplasms
  3 giant cockroaches
  8 goblins
  4 hobgoblins
  4 jackals (D:1)
  2 kobolds
  3 ball pythons
  4 bats
  2 frilled lizards
  4 rats
47 creatures vanquished.

Notes
Turn   | Place    | Note
-------+----------+-------------------------------------------
     0 | D:1      | coffeetime the Ghoul Monk began the quest for the Orb.
     0 | D:1      | Reached XP level 1. HP: 19/19 MP: 0/0
   198 | D:1      | Reached XP level 2. HP: 27/27 MP: 1/1
   320 | D:1      | Reached skill level 4 in Fighting
   640 | D:1      | Reached XP level 3. HP: 34/34 MP: 2/2
  1192 | D:2      | Reached skill level 5 in Fighting
  1469 | D:3      | Reached XP level 4. HP: 42/42 MP: 3/3
  1716 | D:3      | Noticed Robin
  1736 | D:3      | Killed Robin
  1973 | D:3      | Found a sparkling altar of Nemelex Xobeh.
  2034 | D:3      | HP: 2/44 [orc/+0 trident (3)]
  2035 | D:3      | Slain by an orc wizard

Illustrated notes

Levels and vault maps discovered:
D:1:      minmay_arrival_open_corners, layout_loops_ring, minmay_3d_cube
D:2:      layout_loops_ring, minmay_misc_feat_ornament
D:3:      layout_basic, amcnicky_altar_gilded, grunt_qazlal_clouds, uniq_ijyb,
          uniq_robin

Skill      XL: |  1  2  3 |
---------------+----------+-----
Fighting       | 4 5 |  5.8
Maces & Flails | |  2.6
Dodging        | |  2.6
Stealth        | |  0.1

Action                     |  1- 3 |  4- 6 || total
---------------------------+-------+-------++-------
  Melee: Mace              |   110 |    74 ||   184
         Punch             |     1 |       ||     1
 Armour: Ring mail         |    48 |    59 ||   107
         Robe              |     6 |       ||     6
  Dodge: Dodged            |    69 |    55 ||   124
